Match 41259207
Unlisted

Match 41259207
End
Panzergrenadier Squad
Panzerpioneer Squad
Selects Panzerjäger Kommand Battlegroup
250 Light Carrier
250 Light Carrier
Selects GrB 39 Grenade Launcher Requisition
Construct Light Support Kompanie
Combat Half-tracks
Selects Mine Fields
Assault Grenadier Squad
Panzerjäger Mechanized Group
Assault Grenadier Squad
Construct Mechanized Kompanie
Marder III Tank Destroyer
8 Rad Armored Car
Assault Mechanized Group
Selects Defensive Positions
Selects Butterfly Bomb Drop
Butterfly Bomb Drop
Marder III Tank Destroyer
Construct Panzerarmee Kommand
Selects Crew Shock Tactics
Crew Shock Tactics
Panzerjäger Mechanized Group
Panzer III L Medium Tank
Armored Reserves
Assault Grenadier Squad
Butterfly Bomb Drop
Panzer IV Assault Group
Desaya
Sarmynation
0
0

Comments sign in to comment!

No comments posted yet!